 Dungeon Crawl Stone Soup version 0.20.2-3-g29329e0561 (webtiles) character file.

178 Alfie the Covered (level 5, 0/70 HPs)
             Began as a Minotaur Fighter on Sept 28, 2020.
             Slain by Sigmund
             ... wielding a +0 scythe
              (11 damage)
             ... on level 3 of the Dungeon.
             The game lasted 00:05:00 (2127 turns).

Alfie the Covered (Minotaur Fighter)                Turns: 2127, Time: 00:05:01

Health: 0/70       AC:  4    Str: 29    XL:     5   Next: 32%
Magic:  4/4        EV:  8    Int:  5    God:
Gold:   207        SH: 10    Dex:  9    Spells: 4/4 levels left

rFire    . . .     SeeInvis .   a - +0 long sword
rCold    . . .     Gourm    .   c - +0 shield
rNeg     . . .     Faith    .   b - +0 scale mail
rPois    +         Spirit   .   (helmet restricted)
rElec    .         Reflect  .   (no cloak)
rCorr    .         Harm     .   (no gloves)
MR       .....                  (no boots)
Stlth    ..........             (no amulet)
Regen    0.3/turn               (no ring)
MPRegen  0.1/turn               (no ring)

@: mighty, berserking, drained, very quick
A: retaliatory headbutt, horns 2, deformed body, poison resistance, strong 1,
evolution 1
a: no special abilities


You were on level 3 of the Dungeon.
You were not hungry.

You visited 1 branch of the dungeon, and saw 3 of its levels.

You collected 207 gold pieces.

Inventory:

Hand Weapons
 a - a +0 long sword (weapon)
Armour
 b - a +0 scale mail (worn)
 c - a +0 shield (worn)
Wands
 p - a wand of random effects (30/48)
Scrolls
 g - a scroll of magic mapping
 k - a scroll of immolation {unknown}
 l - 6 scrolls of teleportation
 m - 3 scrolls of remove curse
 o - a scroll of identify
Potions
 e - a potion of degeneration {unknown}
 h - a potion of curing {unknown}
 j - a potion of berserk rage
 q - a potion of mutation
Comestibles
 f - 3 bread rations
 i - a meat ration
 n - 3 fruits


   Skills:
 + Level 4.3(4.1) Fighting
 + Level 4.2(3.9) Long Blades
 + Level 4.7(4.5) Armour
 + Level 0.9(0.7) Dodging
 + Level 0.3(0.1) Stealth
 + Level 4.7(4.4) Shields


You had 4 spell levels left.
You didn't know any spells.

Dungeon Overview and Level Annotations

Branches:
Dungeon (3/15)

Altars:

Annotations:
D:3 Sigmund


Innate Abilities, Weirdness & Mutations

You reflexively headbutt those who attack you in melee.
You have a pair of horns on your head.
Armour fits poorly on your strangely shaped body.
Your system is resistant to poisons. (rPois)
Your muscles are strong. (Str +2)
You evolve.


Message History

The magic dart hits you!
* * * LOW HITPOINT WARNING * * *
You feel very mighty all of a sudden. Something hits you.
* * * LOW HITPOINT WARNING * * *
It was a potion of mutation.
You feel extremely strange.
You feel nature experimenting on you.
Don't worry, failures die fast.
You feel resistant to poisons.
Your body twists and deforms.
You feel stronger.
It was a potion of berserk rage.
A red film seems to cover your vision as you go berserk!
You feel yourself moving faster!
You feel mighty!
You hear some strange, mumbled words.
Something tries to affect you, but you resist.
You miss something. Your headbutt misses something.
Something hits you but does no damage.
You miss something. You closely miss something. Something hits you.
* * * LOW HITPOINT WARNING * * *
You slash something! Your headbutt misses something. Something hits you!
You die...

#.# #.#
#########.#### #.#
#.# #.# #.# #.# #.#
#.# #.. #.### #.#
#...# #.# ###.# #.#
#.# #.# #######.# #.#
#.# #..@{...# #.# #.#
#.####### #.# #.# #.#
#.# ##.## #.# #.#
#...####.# #.##
#.....##.############
#...
#...#.##..))...(....#
####
#####.#############.#
#.# #.#


There were no monsters in sight!

Vanquished Creatures
  Terence (D:3)
  Robin (D:3)
  4 gnolls (D:3)
  An adder (D:2)
  An ooze (D:1)
  4 dart slugs
  3 leopard geckos
  2 orcs (D:3)
  8 bats
  2 giant cockroaches (D:3)
  11 goblins
  13 hobgoblins
  2 jackals (D:2)
  10 kobolds
  A quokka (D:2)
  2 frilled lizards
  11 rats
77 creatures vanquished.

Notes
Turn   | Place    | Note
-------+----------+-------------------------------------------
     0 | D:1      | Alfie the Minotaur Fighter began the quest for the Orb.
     0 | D:1      | Reached XP level 1. HP: 19/19 MP: 0/0
   120 | D:1      | Reached XP level 2. HP: 25/27 MP: 1/1
   852 | D:1      | Reached XP level 3. HP: 33/33 MP: 2/2
  1253 | D:2      | Found a faded altar of an unknown god.
  1259 | D:2      | Reached XP level 4. HP: 39/40 MP: 3/3
  1636 | D:3      | Noticed Robin
  1650 | D:3      | Killed Robin
  2004 | D:3      | Reached XP level 5. HP: 35/46 MP: 4/4
  2088 | D:3      | Noticed Terence
  2104 | D:3      | Killed Terence
  2112 | D:3      | Noticed Sigmund
  2122 | D:3      | Gained mutation: You evolve. [potion of mutation]
  2122 | D:3      | Gained mutation: Your system is resistant to poisons. (rPois) [potion of mutation]
  2122 | D:3      | Gained mutation: Armour fits poorly on your strangely shaped body. [potion of mutation]
  2122 | D:3      | Gained mutation: Your muscles are strong. (Str +2) [potion of mutation]
  2127 | D:3      | Slain by Sigmund

Skill      XL: |  1  2  3  4 |
---------------+-------------+-----
Shields        | 4 |  4.7
Armour         | 4 |  4.7
Fighting       | 4 |  4.3
Long Blades    | 3 4 |  4.2
Dodging        | |  0.9
Stealth        | |  0.3

Action                   |  1- 3 |  4- 6 || total
-------------------------+-------+-------++-------
Melee: Long sword        |    87 |   109 ||   196
       Headbutt          |    14 |    15 ||    29
  Use: Scroll            |     5 |     2 ||     7
       Potion            |       |     3 ||     3
  Eat: Bread ration      |     1 |       ||     1
Armor: Scale mail        |    42 |    42 ||    84
Dodge: Dodged            |    45 |    22 ||    67
Block: Shield            |    53 |    75 ||   128
       Rpst.: Long sword |    14 |     4 ||    18
